 Dungeon Crawl Stone Soup version 0.30-a0-358-g0d69a1922f (webtiles) character file.

Game seed: 6565827946911657099

60 Ackmard the Magician (level 4, 0/31 HPs)
             Began as a Djinni Hedge Wizard on Nov 11, 2022.
             Slain by Terence
             ... wielding the +7 Throatcutter {drain, coup de grace}
              (16 damage)
             ... on level 2 of the Dungeon.
             The game lasted 00:06:34 (1330 turns).

Ackmard the Magician (Djinni Hedge Wizard)          Turns: 1330, Time: 00:06:35

Health: 0/31       AC:  2    Str:  9    XL:     4   Next: 25%
Gold:   87         EV: 12    Int: 17    God:
                   SH:  0    Dex: 13

rFire   + + .      SeeInvis .    (no weapon)
rCold   x . .      Faith    .    (no shield)
rNeg    . . .      Spirit   .    b - +0 robe
rPois   ∞          Reflect  .    c - +0 hat
rElec   .          Harm     .    (no cloak)
rCorr   .          Rampage  .    (no gloves)
Will    .....                    (boots unavailable)
Stlth   ++........               (no amulet)
HPRegen 0.25/turn                (no ring)
MPRegen 0.00/turn                (no ring)

@: flying
A: sickness immunity, fire resistance 2, cold vulnerability 1, float, innate
caster, HP casting, extra vitality 1
a: no special abilities


You were on level 2 of the Dungeon.
You visited 1 branch of the dungeon, and saw 2 of its levels.

You collected 87 gold pieces.

Inventory:

Armour
 b - a +0 robe (worn)
 c - a +0 hat (worn)
Scrolls
 e - 2 scrolls of teleportation {unknown}
 f - a scroll of enchant weapon {unknown}
 g - 3 scrolls of identify {unknown}
 j - a scroll of fear {unknown}
Potions
 a - a potion of heal wounds {unknown}
 d - 3 potions of invisibility {unknown}
 h - a potion of might {unknown}
 i - 2 potions of haste {unknown}


   Skills:
 * Level 2.6 Dodging
 * Level 1.9 Stealth
 * Level 3.4 Spellcasting


You couldn't memorise any spells.
You knew the following spells:

 Your Spells              Type           Power      Damage    Failure   Level
a - Magic Dart            Conj           56%        1d5       4%          1
b - Slow                  Hex            56%        N/A       4%          1
c - Blink                 Tloc           28%        N/A       6%          2
d - Call Imp              Summ           14%        N/A       6%          2
e - Cigotuvi's Dreadful   Necr/Pois/Air  28%        N/A       6%          2
f - Mephitic Cloud        Conj/Pois/Air  14%        N/A       12%         3
g - Sandblast             Erth           28%        2d8       4%          1
Your spell library was empty.

Dungeon Overview and Level Annotations

Branches:
Dungeon (2/15)

Altars:

Shops:
D:1 [

Annotations:
D:2 Sigmund, Terence


Innate Abilities, Weirdness & Mutations

You are immune to sickness and miasma.
You are immune to poison.
Your flesh is very heat resistant. (rF++)
You are vulnerable to cold. (rC-)
You float through the air rather than walking.
You learn spells naturally, not from books.
Your magical power is your life essence.
You have superior vitality. (+4 MHP)


Message History

Press: ? - help, Shift-Dir - straight line
Okay, then.
Casting: Sandblast (safe; 4% risk of failure)
Confirm with . or Enter, or press ? or * to list all spells.
Aiming: Magic Dart (safe; 4% risk of failure)
Press: ? - help, Shift-Dir - straight line You can't see that place. [the floor.]
Okay, then.
g - 3 scrolls labelled SOMIERGH QEON (gained 1)
There is an escape hatch in the ceiling here.
You now have 87 gold pieces (gained 10).
Casting: Magic Dart (safe; 4% risk of failure)
Confirm with . or Enter, or press ? or * to list all spells.
Aiming: Magic Dart (safe; 4% risk of failure)
Press: ? - help, Shift-Dir - straight line, f - Terence
Aim: Terence, wielding the +7 Throatcutter {drain, coup de grace} and wearing a +0 scale mail (asleep, 100% to hit)
The magic dart hits Terence.
Terence is lightly wounded.
Casting: Magic Dart (safe; 4% risk of failure)
Confirm with . or Enter, or press ? or * to list all spells.
Aiming: Magic Dart (safe; 4% risk of failure)
Press: ? - help, Shift-Dir - straight line, f/p - Terence
Aim: Terence, wielding the +7 Throatcutter {drain, coup de grace} and wearing a +0 scale mail (lightly wounded, 100% to hit)
The magic dart hits Terence but does no damage.
Terence is lightly wounded.
The blast of sand hits Terence but does no damage.
Terence is lightly wounded.
Terence barely misses you.
The blast of sand hits Terence but does no damage.
Terence is lightly wounded.
Terence hits you with the +7 Throatcutter {drain, coup de grace}!
Terence closely misses you.
The blast of sand hits Terence.
Terence is moderately wounded.
Terence barely misses you. Terence attacks as you move away!
Terence hits you with the +7 Throatcutter {drain, coup de grace}!
Ouch! That really hurt!
You die...

♣.♣.♣.♣ #.# #...P.. ......# #.#
#.#P..P ♣#♣#♣.♣ #.# #.#..P♣ #.#
#.# #.#..P. #.# #.# #.#.... #.#
#.# #<#...P #.# ###.### #.##...
#†# #...@.# ##.##.## ##.##
#.###@### ##.#.#.#
####...#####.# #...# ##.###).#
...........#.###.#<##.##.## ##.#
#.#P#''#P#............###.###.##
#.#......P..######.........#.##
#.#..P...#..# ########.#)##
..#.P.......# #.###
#.#......#..#############.#
..#....P..................#


You could see Terence.

Vanquished Creatures
  Jessica (D:2)
  An adder (D:2)
  A dart slug (D:1)
  4 endoplasms (D:1)
  A giant cockroach (D:1)
  3 goblins
  3 hobgoblins (D:1)
  3 jackals (D:2)
  A ball python (D:1)
  3 bats
  A frilled lizard (D:1)
  A rat (D:2)
23 creatures vanquished.

Vanquished Creatures (others)
  2 plants (D:2)
2 creatures vanquished.

Grand Total: 25 creatures vanquished

Notes
Turn   | Place    | Note
-------+----------+-------------------------------------------
     0 | D:1      | Ackmard the Djinni Hedge Wizard began the quest for the
                  | Orb.
     0 | D:1      | Ackmard set off with the following spells memorised: Magic
                  | Dart, Slow, Blink, Call Imp, Cigotuvi's Dreadful Rot,
                  | Mephitic Cloud.
     0 | D:1      | Reached XP level 1. HP: 15/15 MP: 0/0
    72 | D:1      | Found Daifijut's Armour Shoppe.
   193 | D:1      | Reached XP level 2. HP: 18/21 MP: 0/0
   939 | D:2      | Reached skill level 3 in Spellcasting
   939 | D:2      | Reached XP level 3. HP: 23/25 MP: 0/0
   939 | D:2      | Learned a level 1 spell: Sandblast
  1103 | D:2      | Noticed Terence
  1183 | D:2      | Noticed Sigmund
  1277 | D:2      | Noticed Jessica
  1279 | D:2      | Killed Jessica
  1280 | D:2      | Reached XP level 4. HP: 30/31 MP: 0/0
  1330 | D:2      | Slain by Terence

Illustrated notes

Levels and vault maps discovered:
D:1:      dpeg_arrival_short_road, layout_basic, serial_shops,
          nicolae_shop_waterfront
D:2:      cheibrodos_old_hovel, layout_loops_ring, serial_forest,
          infiniplex_forest_end_1, infiniplex_forest_straight_4,
          infiniplex_forest_join, infiniplex_forest_corner_2,
          infiniplex_forest_lined_room_3, infiniplex_forest_clump_medium,
          infiniplex_forest_clump_medium, grunt_decor_fettered,
          minmay_lizard_pond, uniq_terence, uniq_jessica, uniq_sigmund

Skill      XL: |  1  2 |
---------------+-------+-----
Spellcasting   | 3 |  3.4
Dodging        | |  2.6
Stealth        | |  1.9

Action                   |  1- 3 |  4- 6 || total
-------------------------+-------+-------++-------
 Cast: Magic Dart        |    50 |     2 ||    52
       Sandblast         |    10 |     3 ||    13
Armor: Robe              |     7 |       ||     7
Dodge: Dodged            |    16 |     3 ||    19

Table legend: (Time is in decaauts)
 A = Elapsed time spent in this place.
 B = Non-inter-level travel time spent in this place.
 C = Inter-level travel time spent in this place.
 D = Time resting spent in this place.
 E = Time spent auto-exploring this place.
 F = Levels seen in this place.
 G = Mean time per level.
                   A        B        C        D        E       F      G
               +--------+--------+--------+--------+--------+-----+--------+
         Total |   1337 |   1192 |    145 |    110 |    828 |   2 |  668.5 |
       Dungeon |   1337 |   1192 |    145 |    110 |    828 |   2 |  668.5 |
               +--------+--------+--------+--------+--------+-----+--------+

Top non-repeatable levels by time:
     D:1: 853 daAuts
     D:2: 484 daAuts
